 Dungeon Crawl Stone Soup version 0.30-a0-715-gdb4ae3ece1 (webtiles) character file.

Game seed: 2649786057765301467

49093 Darius099 the Fighter (level 14, -7/146 HPs)
             Began as a Troll Monk on Jan 24, 2023.
             Mangled by a catoblepas (9 damage)
             ... while petrified by a catoblepas
             ... on level 5 of the Lair of Beasts on Jan 25, 2023.
             The game lasted 01:16:09 (16225 turns).

Darius099 the Fighter (Troll Monk)                 Turns: 16225, Time: 01:16:09

Health: -7/146     AC:  9    Str: 22    XL:     14   Next: 14%
Magic:  13/13      EV:  1    Int:  6    God:
Gold:   1463       SH:  0    Dex: 25    Spells: 13/13 levels left

rFire   . . .      SeeInvis .    Z - +10 trident "Murmur" {speed, rCorr Dex+3}
rCold   . . .      Faith    .    (no shield)
rNeg    + + +      Spirit   .    L - +0 troll leather armour
rPois   ∞          Reflect  +    (helmet restricted)
rElec   .          Harm     .    v - +0 cloak {rCorr}
rCorr   +          Rampage  .    (gloves unavailable)
Will    +....                    (boots unavailable)
Stlth   ++                       l - amulet of reflection
HPRegen 2.04/turn                e - +6 ring of dexterity
MPRegen 0.13/turn                a - +5 ring of evasion

@: petrified
A: large, unfitting armour, claws 3, regeneration 1, shaggy fur 1, tough skin 1
a: no special abilities


You were on level 5 of the Lair of Beasts.
You visited 3 branches of the dungeon, and saw 18 of its levels.
You also visited: Sewer and Bailey.

You collected 1463 gold pieces.

Inventory:

Hand Weapons
 Z - the +10 trident "Murmur" (weapon) {speed, rCorr Dex+3}
   (You found it on level 11 of the Dungeon)

   Dex:       It affects your dexterity (+3).
   rCorr:     It protects you from acid and corrosion.
Missiles
 M - 11 throwing nets (quivered)
 V - 4 silver javelins
 X - 16 large rocks
Armour
 v - a +0 cloak of preservation (worn)
 E - the +2 robe of the Untouchables {rN++}
   (You found it in a sewer)

   rN:        It greatly protects you from negative energy.
 J - a +1 robe of cold resistance
 L - a +0 troll leather armour (worn)
 W - a +1 cloak of poison resistance
Jewellery
 a - a +5 ring of evasion (right claw)
 e - a +6 ring of dexterity (left claw)
 l - an amulet of reflection (around neck)
 x - a ring of ice
 z - a ring of protection from fire
 H - a ring of protection from cold
 O - a ring of protection from fire
 P - a ring of wizardry
Wands
 c - a wand of paralysis (9)
 o - a wand of roots (5)
 N - a wand of digging (7)
 R - a wand of flame (31)
 S - a wand of quicksilver (5)
Scrolls
 f - 7 scrolls of amnesia
 g - 4 scrolls of noise {unknown}
 n - a scroll of summoning {unknown}
 p - 4 scrolls of immolation
 r - 2 scrolls of torment
 s - a scroll of poison {unknown}
 t - 2 scrolls of enchant armour {unknown}
 w - a scroll of acquirement {unknown}
 y - 2 scrolls of enchant weapon {unknown}
 A - 9 scrolls of teleportation
 B - 4 scrolls of blinking
 D - 2 scrolls of fear {unknown}
 F - 2 scrolls of silence {unknown}
 G - a scroll of brand weapon {unknown}
 I - 2 scrolls of magic mapping {unknown}
 U - a scroll of vulnerability {unknown}
Potions
 b - 3 potions of ambrosia
 d - 2 potions of invisibility
 h - 2 potions of mutation
 i - 3 potions of magic
 j - 9 potions of curing
 k - 4 potions of might
 m - 6 potions of haste
 q - 3 potions of resistance
 u - 4 potions of cancellation
 C - 5 potions of lignification
 K - 5 potions of heal wounds
 Q - a potion of berserk rage
 T - 2 potions of flight {unknown}


   Skills:
 + Level 11.4 Fighting
 + Level 7.7 Polearms
 + Level 9.2 Armour
 - Level 11.0 Dodging
 - Level 1.0 Stealth
 - Level 10.7 Unarmed Combat


You had 13 spell levels left.
You didn't know any spells.
Your spell library contained the following spells:

 Spells                   Type           Power      Damage    Failure   Level
 Foxfire                  Conj/Fire      0%         2x1d4     50%         1
 Magic Dart               Conj           0%         1d3       50%         1
 Sandblast                Erth           0%         2d4       50%         1
 Call Imp                 Summ           0%         N/A       63%         2
 Passwall                 Tmut/Erth      0%         N/A       63%         2
 Hailstorm                Conj/Ice       0%         3d3       86%         3
 Kindle Blastsparks       Fire/Tloc/Air  0%         2d10      86%         3
 Mephitic Cloud           Conj/Pois/Air  0%         N/A       86%         3
 Portal Projectile        Hex/Tloc       0%         N/A       86%         3
 Stone Arrow              Conj/Erth      0%         3d7       86%         3
 Summon Guardian Golem    Hex/Summ       0%         N/A       86%         3
 Tukima's Dance           Hex            0%         N/A       86%         3
 Fulminant Prism          Conj/Hex       0%         3d5       99%         4
 Ice Form                 Ice/Tmut       0%         N/A       99%         4
 Iskenderun's Mystic Bla  Conj/Tloc      0%         2d3       99%         4
 Blade Hands              Tmut           0%         N/A       100%        5
 Fireball                 Conj/Fire      0%         3d3       100%        5
 Lee's Rapid Deconstruct  Erth           0%         3d4*      100%        5
 Conjure Ball Lightning   Conj/Air       0%         3x3d6     100%        6
 Simulacrum               Ice/Necr       0%         N/A       100%        6
 Starburst                Conj/Fire      0%         6d3       100%        6
 Orb of Destruction       Conj           0%         9d5       100%        7
 Spellforged Servitor     Conj/Summ      0%         N/A       100%        7
 Discord                  Hex            0%         N/A       100%        8
 Disjunction              Tloc           0%         N/A       100%        8


Dungeon Overview and Level Annotations

Branches:
Dungeon (12/15)            Temple (1/1) D:6            Lair (5/5) D:8
 Shoals (0/4) Lair:2        Snake (0/4) Lair:3        Slime (0/5) Lair:5
    Orc (0/2) D:10          Sewer (visited)          Bailey (visited)

Altars:
Ashenzari
Cheibriados
Dithmenos
Elyvilon
Fedhas
Gozag
Hepliaklqana
Kikubaaqudgha
Makhleb
Nemelex Xobeh
Okawaru
Qazlal
Ru
Sif Muna
Trog
Uskayaw
Vehumet
Wu Jian
Xom
Yredelemnul
Zin
The Shining One

Shops:
D:2 (   D:4 (

Annotations:
D:10 3 runed translucent doors
D:12 1 runed translucent door, Haimeruo's ghost, journeyman OgCK
Lair:1 2 transporters, lotum's ghost, journeyman TeAE


Innate Abilities, Weirdness & Mutations

You are too large for most types of armour.
You have claws for hands.
Your natural rate of healing is unusually fast.
You are covered in fur. (AC +1)
You have tough skin. (AC +1)


Message History

You are engulfed in calcifying dust.
You are slowing down.
You block the death yak's attack. The catoblepas gores you!
The death yak closely misses you.
The helpless death yak fails to defend itself.
You impale the death yak!!
The death yak is almost dead.
You are engulfed in calcifying dust.
Your limbs have turned to stone.
The death yak gores you but does no damage.
The catoblepas gores you. The death yak gores you.
You have turned to stone.
You are engulfed in calcifying dust.
The death yak gores you! The catoblepas gores you! The death yak gores you!!
You are engulfed in calcifying dust.
The death yak gores you! The catoblepas gores you!
The death yak barely misses you.
The death yak is no longer petrified.
The death yak gores you!
The death yak gores you but does no damage.
The catoblepas gores you! The death yak gores you! The death yak gores you!! x2
* * * LOW HITPOINT WARNING * * *
The catoblepas gores you.
* * * LOW HITPOINT WARNING * * *
The death yak gores you.
* * * LOW HITPOINT WARNING * * *
The death yak gores you!!
* * * LOW HITPOINT WARNING * * *
The death yak gores you but does no damage.
The catoblepas gores you but does no damage.
The death yak gores you!!
* * * LOW HITPOINT WARNING * * *
The death yak gores you.
* * * LOW HITPOINT WARNING * * *
The death yak gores you but does no damage.
The catoblepas gores you!!
* * * LOW HITPOINT WARNING * * *
The death yak gores you but does no damage.
The death yak gores you but does no damage.
The death yak gores you!!
* * * LOW HITPOINT WARNING * * *
The catoblepas gores you!!
You die...

### #.###
##...#####
#.........
#.YY..##..
##@Y.÷.#
##Y#÷...#
##..#......
##..##.....÷
#..P# ..#..
#.P.# ..#..
#P..# ##
#...# ##..#


You could see 3 death yaks and a catoblepas.

Vanquished Creatures
  4 hydras
  Fannar (Lair:3)
  The ghost of KennySheep the Cleaver, a journeyman FoFi of Yredelemnul (D:9)
  A centaur warrior (D:11)
  3 two-headed ogres
  7 death yaks
  An orc knight (D:11)
  3 cyclopes (D:12)
  A manticore (D:12)
  3 black mambas
  15 elephants
  An unseen horror (D:12)
  10 cane toads
  3 gargoyles
  4 komodo dragons
  A rime drake (Lair:4)
  Maggie (D:7)
  A polar bear (Lair:3)
  A troll (D:12)
  Prince Ribbit (D:7)
  Grinder (D:3)
  13 blink frogs
  5 slime creatures (D:12)
  A vampire (Bailey)
  39 yaks
  4 wyverns
  4 humans (D:9)
  3 basilisks
  Grum (D:10)
  8 vampire mosquitoes
  2 steam dragons
  2 nagas (Lair:3)
  2 acid dragons (D:11)
  18 water moccasins
  An ice beast (D:6)
  A sky beast (D:7)
  23 orc warriors
  4 black bears
  32 wolves
  9 centaurs
  2 phantoms
  2 kobold brigands (D:9)
  21 bullfrogs
  4 scorpions
  3 gnoll sergeants
  4 wights (D:8)
  3 killer bees (D:8)
  6 wolf zombies (Bailey)
  8 vampire bats (Bailey)
  5 howler monkeys
  An electric eel (Lair:5)
  7 jellies
  A gnoll bouda (D:8)
  3 hounds
  8 orc priests
  Crazy Yiuf (D:3)
  Ijyb (D:3)
  9 hell rats
  9 orc wizards
  2 iguanas
  17 gnolls
  6 adders
  2 river rats (Lair:1)
  A shadow imp (D:6)
  2 ufetubi (D:6)
  2 worms
  2 dart slugs
  35 orcs
  17 ball pythons
  34 endoplasms
  11 giant cockroaches
  5 hobgoblins
  3 jackals (D:1)
  27 kobolds
  18 quokkas
  5 bats
  13 frilled lizards
  16 goblins
  20 orc zombies (Bailey)
  4 rats
576 creatures vanquished.

Vanquished Creatures (others)
  A vampire (D:12)
  An orc (D:9)
  16 fungi
  51 plants
  9 toadstools (D:2)
78 creatures vanquished.

Grand Total: 654 creatures vanquished

Notes
Turn   | Place    | Note
-------+----------+-------------------------------------------
     0 | D:1      | Darius099 the Troll Monk began the quest for the Orb.
     0 | D:1      | Reached XP level 1. HP: 22/22 MP: 0/0
    47 | D:1      | Found a faded altar of an unknown god.
   151 | D:1      | Reached XP level 2. HP: 29/29 MP: 1/1
   532 | D:1      | Reached XP level 3. HP: 35/36 MP: 2/2
   698 | D:2      | Noticed a black bear
   707 | D:2      | Killed a black bear
   708 | D:2      | Reached XP level 4. HP: 19/44 MP: 3/3
   742 | D:2      | Found Arusa's Weapon Boutique.
  1136 | D:2      | Reached XP level 5. HP: 50/50 MP: 4/4
  1501 | D:3      | Reached skill level 5 in Unarmed Combat
  1512 | D:3      | Found an ornate altar of the Wu Jian Council.
  1647 | D:3      | Noticed Grinder
  1667 | D:3      | Paralysed by Grinder for 3 turns
  1671 | D:3      | Killed Grinder
  1672 | D:3      | Reached XP level 6. HP: 9/59 MP: 5/5
  1874 | D:3      | Noticed Ijyb
  1888 | D:3      | Paralysed by Ijyb for 5 turns
  1907 | D:3      | Killed Ijyb
  1941 | D:3      | Found a sacrificial altar of Ru.
  2215 | D:3      | Reached XP level 7. HP: 66/66 MP: 6/6
  2335 | D:3      | Found a runed translucent door.
  2336 | D:3      | Noticed Crazy Yiuf
  2345 | D:3      | Killed Crazy Yiuf
  2346 | D:3      | Reached skill level 5 in Dodging
  2848 | D:4      | Found Etoram Exka's Antique Weapon Shoppe.
  3039 | D:4      | Found the +5 Lochaber axe {reach-cleave, Poleaxe Drain}
  3073 | D:5      | Entered Level 5 of the Dungeon
  3107 | D:5      | Found a glowing drain.
  3111 | Sewer    | Entered a sewer
  3365 | Sewer    | Reached XP level 8. HP: 62/74 MP: 7/7
  3376 | Sewer    | Identified the +2 robe of the Untouchables {rN++}
  3467 | D:5      | Found an iron altar of Okawaru.
  3470 | D:5      | Found a radiant altar of Vehumet.
  3474 | D:5      | Found a glowing silver altar of Zin.
  3475 | D:5      | Found a hide-covered altar of Uskayaw.
  3475 | D:5      | Found a blossoming altar of Fedhas.
  3478 | D:5      | Found a sparkling altar of Nemelex Xobeh.
  3479 | D:5      | Found an opulent altar of Gozag.
  3620 | D:5      | Found a stormy altar of Qazlal.
  4405 | D:6      | Found a shadowy altar of Dithmenos.
  4510 | D:6      | Found a staircase to the Ecumenical Temple.
  4519 | Temple   | Entered the Ecumenical Temple
  4722 | D:7      | Reached XP level 9. HP: 70/80 MP: 8/8
  4788 | D:7      | Noticed Maggie
  4799 | D:7      | Killed Maggie
  4898 | D:7      | Noticed Prince Ribbit
  4904 | D:7      | Killed Prince Ribbit
  5161 | D:7      | Reached skill level 10 in Unarmed Combat
  5259 | D:7      | Identified the +7 chain mail of the Desolation of Salt
                  | {Dex+6}
  5667 | D:8      | Reached XP level 10. HP: 77/88 MP: 9/9
  5743 | D:8      | Found a shimmering altar of Xom.
  5744 | D:8      | Found a hazy altar of Hepliaklqana.
  5745 | D:8      | Noticed a purple ugly thing
  5745 | D:8      | Noticed a white ugly thing
  5835 | D:8      | Found a staircase to the Lair.
  6183 | D:9      | Found a flagged portal.
  6195 | Bailey   | Entered a bailey
  6231 | Bailey   | Noticed a gargoyle
  6249 | Bailey   | Killed a gargoyle
  6658 | D:9      | Noticed a two-headed ogre
  6682 | D:9      | Killed a two-headed ogre
  6767 | D:9      | Noticed a two-headed ogre
  6778 | D:9      | Killed a two-headed ogre
  6779 | D:9      | Reached skill level 5 in Fighting
  6779 | D:9      | Reached skill level 10 in Dodging
  7024 | D:9      | Reached XP level 11. HP: 86/105 MP: 10/10
  7346 | D:9      | Found a runed translucent door.
  7346 | D:9      | Noticed KennySheep's ghost (journeyman FoFi)
  7362 | D:9      | Killed KennySheep's ghost
  7366 | D:9      | Identified the ring "Faschuoly" {rN+ Int+3 SInv}
  7750 | D:10     | Entered Level 10 of the Dungeon
  8055 | D:10     | Found a runed translucent gate.
  8055 | D:10     | Found a runed translucent gate.
  8055 | D:10     | Found a runed translucent gate.
  8055 | D:10     | Noticed a cyan ugly thing
  8055 | D:10     | Noticed a red ugly thing
  8055 | D:10     | Noticed a glowing orange brain
  8056 | D:10     | Noticed a red ugly thing
  8057 | D:10     | Noticed a purple ugly thing
  8058 | D:10     | Noticed a cyan ugly thing
  8081 | D:10     | Noticed Grum
  8124 | D:10     | Killed Grum
  8308 | D:10     | Found a staircase to the Orcish Mines.
  8755 | D:10     | Reached skill level 1 in Armour
  9536 | D:11     | Noticed a centaur warrior
  9546 | D:11     | Killed a centaur warrior
  9720 | D:11     | Identified the +9 quarterstaff "Doqoyd" {drain, rF++ Int-3}
  9748 | D:11     | Noticed an orc knight
  9749 | D:11     | Found an iron altar of Okawaru.
  9778 | D:11     | Killed an orc knight
  9831 | D:11     | Identified the +10 trident "Murmur" {speed, rCorr Dex+3}
  9918 | D:12     | Reached XP level 12. HP: 122/122 MP: 11/11
  9957 | D:12     | Reached skill level 1 in Polearms
  9967 | D:12     | Reached skill level 5 in Armour
 10151 | D:12     | Found a runed translucent door.
 10166 | D:12     | Noticed Haimeruo's ghost (journeyman OgCK)
 10204 | D:12     | Noticed a two-headed ogre
 10323 | D:12     | Killed a two-headed ogre
 10586 | D:12     | Identified the +1 plate armour of Hiqoaxzu {Will+}
 10683 | D:12     | Noticed a death yak
 10685 | D:12     | Noticed a death yak
 10686 | D:12     | Noticed a death yak
 10863 | D:12     | Noticed a death yak
 10924 | D:12     | Killed a death yak
 10950 | D:12     | Killed a death yak
 10972 | D:12     | Killed a death yak
 10989 | D:12     | Killed a death yak
 11513 | Lair:1   | Entered Level 1 of the Lair of Beasts
 11801 | Lair:1   | Found a transporter.
 11819 | Lair:1   | Found a transporter.
 11843 | Lair:1   | Noticed lotum's ghost (journeyman TeAE)
 11921 | Lair:1   | Found a bloodstained altar of Trog.
 12079 | Lair:1   | Reached skill level 5 in Polearms
 12464 | Lair:2   | Reached XP level 13. HP: 133/133 MP: 12/12
 12593 | Lair:2   | Reached skill level 10 in Fighting
 12908 | Lair:2   | Found a staircase to the Shoals.
 13525 | Lair:3   | Noticed Fannar
 13536 | Lair:3   | Killed Fannar
 13924 | Lair:3   | Found a staircase to the Snake Pit.
 15347 | Lair:5   | Entered Level 5 of the Lair of Beasts
 15444 | Lair:5   | Identified the +2 robe of Siocwut {Archmagi}
 15537 | Lair:5   | Found a staircase to the Slime Pits.
 15937 | Lair:5   | Reached XP level 14. HP: 131/146 MP: 13/13
 16225 | Lair:5   | HP: 2/146 [death yak (12)]
 16225 | Lair:5   | Mangled by a catoblepas

Illustrated notes

Levels and vault maps discovered:
D:1:      pf_arrival_petrified_forest, layout_rooms,
          chequers_ecumenical_altar_island
D:2:      cheibrodos_fertilizer, layout_loops_ring, serial_shops, shop_statue
D:3:      layout_loops_cross, lemuel_round_altar, lemuel_doored_altar,
          serial_glass, glass_columns_a, glass_columns_a, glass_columns_b,
          glass_columns_a, glass_columns_a, st_stairs_2, minmay_cupped,
          uniq_crazy_yiuf_cottage, uniq_ijyb, uniq_grinder
D:4:      layout_loops_ring, serial_shops, nicolae_shop_behind_doors,
          st_stairs_10, corexii_shack, moated_statue
D:5:      layout_loops_ring, nicolae_qazlal_general_emergency, minitemple,
          gup_sewer_entry_bowl
D:6:      layout_rooms, nicolae_dithmenos_through_a_glass_darkly,
          minmay_temple_entry_enclosed_plants
D:7:      layout_cave_pools, uniq_maggie, uniq_prince_ribbit1
D:8:      layout_basic, regret_index_temple_of_mockery, lair_entry_dummy
D:9:      layout_basic, gammafunk_ghost_grave, enter_bailey_3, minmay_ruffians
D:10:     layout_long_grid, minmay_orc_entry_temple_small,
          ploomutoo_gammafunk_ghost_potion_laboratory,
          nicolae_figureground_sparkle, uniq_grum
D:11:     evilmike_iron_armoury, layout_long_grid
D:12:     argonaut_augean_stables, layout_basic, gammafunk_ghost_grave
Temple:   dpeg_three_leaves_temple
Lair:1:   layout_loops_ring, gammafunk_ghost_wrathful_warriors, pond
Lair:2:   layout_regular_city, minmay_shoals_entry_centaurs, serial_forest,
          infiniplex_forest_end_3, infiniplex_forest_corner_2,
          infiniplex_forest_clump_C, infiniplex_forest_join,
          infiniplex_forest_straight_1, infiniplex_forest_straight_4,
          infiniplex_forest_lined_3_way, infiniplex_forest_clump_long
Lair:3:   layout_cave_shapes, minmay_snake_entry_guardpost_small,
          beast_lair_carwin_7, uniq_fannar
Lair:4:   layout_cave_pods
Lair:5:   grunt_lair_end_beastmaster, layout_cave_pods,
          nicolae_slime_entry_slimehenge, infiniplex_staircase_pool

Skill      XL: |  1  2  3  4  5  6  7  8  9 10 11 12 13 14 |
---------------+-------------------------------------------+-----
Dodging        | 3 4 5 7 9 10 11 | 11.0
Unarmed Combat | 4 5 6 7 8 10 | 10.7
Fighting       | 5 8 9 11 | 11.4
Armour         | 4 7 8 9 |  9.2
Polearms       | 5 7 |  7.7
Stealth        | |  1.0

Action                     |  1- 3 |  4- 6 |  7- 9 | 10-12 | 13-15 || total
---------------------------+-------+-------+-------+-------+-------++-------
  Melee: Unarmed           |    58 |   143 |   380 |   818 |       ||  1399
         Punch             |     2 |     1 |     9 |    54 |    58 ||   124
         Trident           |       |       |       |     1 |   649 ||   650
    Use: Scroll            |       |     4 |     2 |     7 |     2 ||    15
         Potion            |       |       |       |     3 |       ||     3
   Stab: Sleeping          |     3 |     7 |    13 |     5 |     3 ||    31
         Distracted        |       |       |     1 |     1 |       ||     2
         Petrified         |       |       |       |       |     2 ||     2
 Armour: Robe              |    13 |    42 |    79 |    71 |       ||   205
         Troll leather arm |       |       |       |    11 |    93 ||   104
  Dodge: Dodged            |    28 |    83 |   290 |   773 |   541 ||  1715
  Block: Other             |       |       |       |   192 |   127 ||   319
         Reflection        |       |       |       |     8 |     3 ||    11

Table legend: (Time is in decaauts)
 A = Elapsed time spent in this place.
 B = Non-inter-level travel time spent in this place.
 C = Inter-level travel time spent in this place.
 D = Time resting spent in this place.
 E = Time spent auto-exploring this place.
 F = Levels seen in this place.
 G = Mean time per level.
                   A        B        C        D        E       F      G
               +--------+--------+--------+--------+--------+-----+--------+
         Total |  15721 |  15120 |    601 |    762 |   6555 |  20 |  786.0 |
       Dungeon |  10525 |  10006 |    519 |    632 |   4744 |  12 |  877.1 |
        Temple |     81 |     81 |      0 |      0 |     58 |   1 |   81.0 |
          Lair |   4443 |   4361 |     82 |    111 |   1695 |   5 |  888.6 |
         Sewer |    279 |    279 |      0 |      0 |     58 |   1 |  279.0 |
        Bailey |    391 |    391 |      0 |     19 |      0 |   1 |  391.0 |
               +--------+--------+--------+--------+--------+-----+--------+

Top non-repeatable levels by time:
    D:12: 1366 daAuts
     D:9: 1196 daAuts
    D:11: 1189 daAuts
  Lair:2: 1022 daAuts
    D:10: 1017 daAuts
     D:3: 967 daAuts
  Lair:4: 936 daAuts
  Lair:1: 925 daAuts
     D:2: 821 daAuts
     D:8: 800 daAuts
  Lair:3: 793 daAuts
  Lair:5: 764 daAuts
     D:5: 734 daAuts
     D:7: 674 daAuts
     D:4: 633 daAuts
